 Dungeon Crawl Stone Soup version 0.30-a0-371-gad7725a93e (webtiles) character file.

Game seed: 13553477888332681039

294 jfcaron the Shield-Bearer (level 6, -1/53 HPs)
             Began as a Meteoran Fighter on Nov 21, 2022.
             Slain by a kobold brigand
             ... wielding a +0 club
              (5 damage)
             ... in a sewer.
             The game lasted 00:06:41 (1487 turns).

jfcaron the Shield-Bearer (Meteoran Fighter)        Turns: 1487, Time: 00:06:42

Health: -1/53      AC:  9    Str: 19    XL:     6   Next: 92%
Magic:  7/7        EV:  6    Int: 10    God:
Gold:   294        SH:  9    Dex: 14    Spells: 5/5 levels left

rFire   . . .      SeeInvis .    a - +0 war axe
rCold   . . .      Faith    .    k - +0 kite shield
rNeg    . . .      Spirit   .    p - +0 chain mail
rPois   .          Reflect  .    (no helmet)
rElec   .          Harm     .    (no cloak)
rCorr   .          Rampage  .    (no gloves)
Will    .....                    (no boots)
Stlth   ..........               f - amulet of regeneration
HPRegen 1.08/turn                (no ring)
MPRegen 0.10/turn                (no ring)

@: glowing, very slow
A: sense surroundings 1, otherworldly, glowing, explore regen
a: no special abilities


You were in a sewer.
You visited 1 branch of the dungeon, and saw 4 of its levels.
You also visited: Sewer.

You collected 294 gold pieces.

Inventory:

Hand Weapons
 a - a +0 war axe (weapon)
 i - a +6 vampiric scythe
 o - a +2 dagger of freezing
 s - a +0 flail
Missiles
 r - 5 poisoned darts
Armour
 b - a +0 scale mail
 c - a +0 buckler
 g - a +0 ring mail of cold resistance
 j - a +2 robe of positive energy
 k - a +0 kite shield (worn)
 p - a +0 chain mail (worn)
Magical Staves
 u - a staff of fire
Jewellery
 f - an amulet of regeneration (around neck)
Wands
 l - a wand of polymorph (8)
Scrolls
 e - 2 scrolls of fear {unknown}
 n - a scroll of enchant armour
 q - 2 scrolls of butterflies
 t - a scroll of immolation
Potions
 d - a potion of might
 m - 3 potions of lignification


   Skills:
 + Level 4.7 Fighting
 + Level 4.4 Axes
 + Level 5.1 Armour
 + Level 5.2 Shields


You had 5 spell levels left.
You didn't know any spells.
Your spell library was empty.

Dungeon Overview and Level Annotations

Branches:
Dungeon (4/15) Zot: 1074    Sewer (1/1) Zot: 308
 Temple: D:4-7

Altars:

Shops:
D:4 =


Innate Abilities, Weirdness & Mutations

You passively map a small area around you.
You are easily found by Zot.
You glow in the dark.
You regain HP and MP as you explore.


Message History

The kobold brigand splashes around in the water.
The river rat barely misses you. The endoplasm freezes you.
You are frozen.
You closely miss the kobold brigand. You hit the river rat.
You hit the endoplasm.
You kill the endoplasm!
You block the kobold brigand's attack.
The river rat bites you but does no damage.
Unknown command.
Aiming: Polymorph
Press: ? - help, Shift-Dir - straight line, f - kobold brigand
Aim: a kobold brigand, wielding a +0 club and quivering poisoned darts (will become a wolf, an acid dragon, or a blink frog, chance to affect: 49%)
Okay, then.
Unknown command.
You barely miss the river rat.
The river rat is lightly wounded.
You hit the kobold brigand.
You hit the kobold brigand but do no damage.
The kobold brigand hits you with a +0 dagger.
The river rat bites you but does no damage.
You block the kobold brigand's attack.
The kobold brigand hits you but does no damage.
The river rat barely misses you.
You hit the river rat.
The river rat is heavily wounded.
You closely miss the kobold brigand. x2
The kobold brigand hits you but does no damage.
The kobold brigand hits you with a +0 dagger.
You block the river rat's attack.
Unknown command.
Your unstable footing causes you to fumble your attack.
The kobold brigand hits you with a +0 club!
* * * LOW HITPOINT WARNING * * *
The kobold brigand hits you with a +0 dagger.
* * * LOW HITPOINT WARNING * * *
The river rat bites you!
* * * LOW HITPOINT WARNING * * *
The kobold brigand hits you with a +0 club.
You die...

#.~.~.. #####*
##†~..~~ #.~~~r#####
##~~~~.~. *
#.K~~~####....##~.
#.~~~~###~~....~~####~
####### #.~~~~.~.# #.
#.~~~~###~~.~~..## ~.
#####rKr~~#######*
#.~~K@##### ~ #######
~ ~ * ~ * *


You could see 2 kobold brigands, a river rat and a rat.

Vanquished Creatures
  Sigmund (D:2)
  Jessica (D:2)
  4 adders
  2 river rats (Sewer)
  5 worms
  2 dart slugs
  3 orcs
  4 ball pythons
  2 bats
  6 endoplasms
  2 giant cockroaches (D:1)
  5 goblins
  A hobgoblin (D:1)
  4 kobolds
  4 quokkas
  A frilled lizard (D:1)
  2 rats (Sewer)
  4 plants (D:2)
53 creatures vanquished.

Notes
Turn   | Place    | Note
-------+----------+-------------------------------------------
     0 | D:1      | jfcaron the Meteoran Fighter began the quest for the Orb.
     0 | D:1      | Reached XP level 1. HP: 19/19 MP: 2/2
    67 | D:1      | Reached XP level 2. HP: 26/26 MP: 3/3
   157 | D:1      | Reached XP level 3. HP: 31/31 MP: 4/4
   291 | D:2      | Noticed Sigmund
   304 | D:2      | Killed Sigmund
   305 | D:2      | Reached XP level 4. HP: 20/41 MP: 5/5
   305 | D:2      | Reached XP level 5. HP: 23/47 MP: 6/6
   305 | D:2      | Reached XP level 6. HP: 26/53 MP: 7/7
   414 | D:2      | Found Urijazec's Book Boutique.
   636 | D:2      | Noticed Jessica
   648 | D:2      | Killed Jessica
   794 | D:3      | Reached skill level 5 in Shields
   843 | D:3      | Reached skill level 5 in Armour
   929 | D:3      | Found a faded altar of an unknown god.
  1222 | D:4      | Found Piusoez's Jewellery Emporium.
  1266 | D:4      | Found a glowing drain.
  1271 | Sewer    | Entered a sewer
  1487 | Sewer    | HP: 4/53 [river rat (8)]
  1487 | Sewer    | Slain by a kobold brigand

Illustrated notes

Levels and vault maps discovered:
D:1:      co_arrival_square_in_a_square_in_a_square, layout_basic
D:2:      layout_loops_cross, serial_shops, shop_coins,
          chequers_decorated_corner, serial_bayou_lagoon_b, uniq_sigmund,
          uniq_jessica
D:3:      layout_basic, hellmonk_ecumenical_altar_blasted,
          kennysheep_generic_room_15
D:4:      layout_loops_ring, portal_sewer_entry_e, serial_shops,
          nicolae_shop_advertising_works [nicolae_subvault_shop_adworks]
Sewer:    sewer_co_tree

Skill      XL: |  1  2  3  4  5  6 |
---------------+-------------------+-----
Fighting       | 4 |  4.7
Axes           | 3 4 |  4.4
Armour         | 4 5 |  5.1
Shields        | 4 5 |  5.2

Action                   |  1- 3 |  4- 6 || total
-------------------------+-------+-------++-------
Melee: War axe           |    60 |   110 ||   170
Throw: Dart              |       |     1 ||     1
  Use: Scroll            |       |     5 ||     5
Armor: Scale mail        |    28 |    12 ||    40
       Chain mail        |       |    35 ||    35
Dodge: Dodged            |    14 |    26 ||    40
Block: Buckler           |    12 |       ||    12
       Kite shield       |       |    47 ||    47

Table legend: (Time is in decaauts)
 A = Elapsed time spent in this place.
 B = Non-inter-level travel time spent in this place.
 C = Inter-level travel time spent in this place.
 D = Time resting spent in this place.
 E = Time spent auto-exploring this place.
 F = Levels seen in this place.
 G = Mean time per level.
                   A        B        C        D        E       F      G
               +--------+--------+--------+--------+--------+-----+--------+
         Total |   1615 |   1472 |    143 |      0 |    761 |   5 |  323.0 |
       Dungeon |   1325 |   1182 |    143 |      0 |    633 |   4 |  331.2 |
         Sewer |    290 |    290 |      0 |      0 |    128 |   1 |  290.0 |
               +--------+--------+--------+--------+--------+-----+--------+

Top non-repeatable levels by time:
     D:2: 454 daAuts
     D:3: 421 daAuts
     D:1: 344 daAuts
   Sewer: 290 daAuts
     D:4: 105 daAuts
